Map: Troizinia LE

Players

Throwfordays - Winner!

  • Race: Protoss Protoss
  • League: Silver
  • Spawn Location: 11:00

Cthulhu - Winner!

  • Race: Zerg Zerg
  • Spawn Location: 11:00

Breakfast - Winner!

  • Race: Terran Terran
  • Spawn Location: 12:00

Faust - Winner!

  • Race: Zerg Zerg
  • League: Diamond
  • Spawn Location: 9:00

canabiis

  • Race: Terran Terran
  • League: Silver
  • Spawn Location: 3:00

Tony

  • Race: Terran Terran
  • League: Gold
  • Spawn Location: 5:00

Nando

  • Race: Protoss Protoss
  • League: Bronze
  • Spawn Location: 6:00

XCAR

  • Race: Protoss Protoss
  • League: Silver
  • Spawn Location: 5:00

VOD

Have the link to the VOD?

Description

Time

  • Played on: March 18, 2019, 10:15 p.m.
  • Length: 13:58
Show
View Real Time Build Order
Export as new Build Order

Throwfordays Protoss - Winner!

Build Orders: Nexus First 

Get SALT Encoding   

  12  0:00  Probe  
  13  0:11  Probe  
  14  0:19  Probe  
  14  0:23  Pylon  
  15  0:41  Probe  
  16  0:57  Nexus  
  16  1:00  Probe  
  17  1:11  Gateway  
  17  1:17  Assimilator  
  17  1:24  Assimilator  
  17  1:31  Forge  
  17  1:34  Probe  
  18  1:46  Probe  
  19  1:53  Pylon  
  19  1:56  Pylon  
  19  1:58  Probe  
  20  2:03  Cybernetics Core  
  20  2:07  Probe  
  20  2:15  Probe  
  22  2:25  Probe  
  22  2:28  Probe  
  24  2:37  Probe  
  24  2:41  Probe  
  26  2:44  Pylon  
  26  2:49  Probe  
  27  2:52  Photon Cannon  
  27  2:53  Probe  
  28  3:01  Probe  
  28  3:02  Warp Gate  
  29  3:08  Photon Cannon  
  29  3:12  Photon Cannon, Probe  
  29  3:15  Probe  
  31  3:20  Probe  
  31  3:23  Probe  
  32  3:28  Probe  
  32  3:31  Probe  
  34  3:40  Probe  
  36  3:43  Probe  
  36  3:46  Stargate  
  37  3:52  Probe  
  37  3:54  Stargate  
  37  3:55  Probe  
  39  3:59  Protoss Shields Level 1  
  39  4:01  Cybernetics Core  
  39  4:04  Probe  
  40  4:12  Assimilator  
  40  4:16  Assimilator, Probe  
  41  4:28  Probe  
  41  4:30  Nexus  
  42  4:33  Pylon  
  42  4:36  Void Ray  
  46  4:46  Probe  
  46  4:49  Probe  
  46  4:50  Void Ray  
  52  4:58  Assimilator, Probe  
  53  5:03  Assimilator  
  53  5:05  Pylon  
  53  5:07  Photon Cannon  
  53  5:10  Photon Cannon  
  53  5:15  Probe  
  53  5:19  Probe  
  55  5:27  Probe  
  56  5:31  Fleet Beacon, Probe  
  57  5:36  Twilight Council  
  57  5:39  Probe  
  59  5:42  Probe  
  59  5:43  Probe  
  59  5:49  Pylon  
  60  5:51  Protoss Air Weapons Level 1, Probe  
  60  5:54  Protoss Air Armor Level 1  
  60  5:55  Probe x2  
  63  6:03  Probe  
  63  6:04  Pylon, Void Ray  
  64  6:07  Probe x2  
  63  6:19  Probe  
  63  6:23  Probe  
  65  6:27  Probe  
  65  6:30  Void Ray  
  65  6:31  Probe  
  71  6:35  Probe  
  71  6:39  Probe  
  73  6:43  Probe  
  74  6:47  Probe  
  74  6:51  Probe  
  74  6:53  Stargate  
  76  6:59  Stargate, Probe x2  
  76  7:00  Probe  
  78  7:07  Probe  
  79  7:08  Probe  
  79  7:15  Protoss Shields Level 2, Probe  
  81  7:18  Probe  
  81  7:20  Void Ray x2  
  91  7:31  Nexus  
  91  7:33  Assimilator  
  91  7:37  Assimilator  
  91  7:40  Pylon  
  91  7:51  Void Ray  
  91  7:54  Void Ray  
  99  8:16  Probe  
  99  8:19  Probe  
  101  8:28  Probe  
  101  8:31  Probe  
  103  8:37  Probe  
  103  8:40  Probe  
  105  8:44  Probe  
  105  8:45  Void Ray x4  
  122  8:49  Probe  
  123  9:01  Probe  
  124  9:04  Stargate  
  124  9:09  Stargate x2  
  124  9:14  Probe  
  124  9:16  Protoss Air Weapons Level 2, Protoss Air Armor Level 2  
  125  9:26  Probe  
  126  9:42  Void Ray  
  130  10:16  Protoss Shields Level 3  
  130  10:21  Pylon  
  130  10:22  Pylon  
  130  10:24  Pylon  
  130  10:26  Pylon  
  130  10:27  Pylon  
  130  10:31  Pylon  
  130  10:34  Pylon  
  130  10:36  Pylon  
  130  10:38  Pylon  
  130  10:39  Void Ray x2  
  130  10:40  Void Ray x2  
  130  10:42  Void Ray x2  
  154  10:43  Void Ray  
  158  10:58  Pylon  
  158  11:06  Pylon  
  158  11:07  Pylon  
  158  11:09  Probe  
  159  11:21  Probe  
  159  11:22  Void Ray  
  159  11:23  Void Ray  
  159  11:25  Void Ray  
  172  11:33  Probe  
  125  12:22  Void Ray x5  
  137  12:23  Void Ray x2  
  153  13:05  Void Ray x6  
  165  13:06  Void Ray  
Show
View Real Time Build Order
Export as new Build Order

Cthulhu Zerg - Winner!

Build Orders: Pool First 

Get SALT Encoding   

  12  0:01  Drone  
  13  0:11  Drone  
  14  0:15  Extractor  
  14  0:16  Drone  
  15  0:23  Overlord  
  15  0:38  Extractor  
  15  0:42  Drone x2  
  16  0:48  Spawning Pool  
  15  0:52  Drone  
  16  0:59  Overlord  
  16  1:35  Zergling x6, Queen  
  21  1:41  Metabolic Boost  
  21  1:49  Drone  
  23  2:08  Zergling x2  
  23  2:09  Zergling x2  
  23  2:13  Hatchery  
  23  2:26  Drone  
  24  2:44  Zergling x4  
  26  2:49  Zergling x4  
  26  2:50  Zergling x2  
  26  3:10  Zergling x4  
  28  3:15  Queen  
  30  3:27  Evolution Chamber  
  30  3:28  Zergling x6  
  30  3:30  Drone  
  30  3:32  Queen  
  31  3:55  Zerg Melee Weapons Level 1  
  28  3:59  Zergling x2  
  28  4:00  Zergling x12  
  34  4:10  Drone  
  31  4:28  Drone  
  31  4:29  Drone x4  
  31  4:30  Overlord  
  36  4:54  Drone x4  
  36  4:55  Drone  
  41  5:13  Lair  
  41  5:16  Extractor  
  40  5:22  Queen  
  40  5:23  Drone  
  40  5:24  Drone  
  40  5:25  Overlord  
  44  5:30  Extractor  
  44  5:31  Extractor  
  44  5:33  Drone x2  
  44  5:38  Spore Crawler  
  44  5:40  Spore Crawler  
  43  5:42  Drone  
  43  5:43  Drone x2  
  43  5:45  Drone x5  
  50  5:58  Queen  
  52  6:05  Overlord  
  52  6:06  Overlord x2  
  52  6:16  Spore Crawler  
  52  6:17  Queen, Spore Crawler  
  52  6:30  Zerg Ground Armor Level 1  
  53  6:54  Drone x3  
  53  6:59  Baneling Nest  
  53  7:00  Roach Warren  
  53  7:02  Drone x4  
  53  7:06  Drone  
  53  7:07  Drone x4  
  62  7:18  Queen  
  62  7:19  Queen  
  66  7:27  Spore Crawler  
  63  8:06  Glial Reconstitution  
  63  8:10  Roach  
  63  8:11  Roach x5  
  63  8:12  Overlord x3  
  74  8:13  Overlord  
  74  8:14  Overlord x2  
  74  8:15  Overlord  
  74  9:13  Overlord x3  
  70  10:15  Roach  
  70  10:16  Roach x10  
  70  10:17  Roach x10  
  112  10:22  Tunneling Claws  
  112  10:24  Zerg Ground Armor Level 2  
  112  10:49  Infestation Pit  
  111  11:29  Hive  
  111  11:31  Burrow  
  111  11:41  Hatchery, Roach  
  111  11:42  Roach x14  
  111  11:43  Overlord  
  111  11:44  Overlord x2  
  138  12:42  Queen  
  140  12:51  Roach x41  
  140  13:17  Queen  
  142  13:26  Zergling x4  
  142  13:27  Zergling x40  
  150  13:28  Zergling x6  
Show
View Real Time Build Order
Export as new Build Order

Breakfast Terran - Winner!

Build Orders:  

Get SALT Encoding   

  12  0:03  SCV  
  13  0:15  SCV  
  14  0:27  SCV  
  15  0:31  Supply Depot  
  15  0:50  Supply Depot  
  15  0:53  SCV  
  15  0:55  Barracks  
  16  1:05  SCV  
  17  1:17  SCV  
  18  1:18  Barracks  
  18  1:29  Refinery, SCV  
  19  1:42  Marine  
  20  1:51  Supply Depot  
  20  2:00  Marine  
  21  2:12  SCV  
  21  2:13  Marine  
  21  2:15  Supply Depot  
  23  2:20  Engineering Bay  
  23  2:24  Marine  
  23  2:26  SCV  
  25  2:37  Supply Depot  
  25  2:38  SCV  
  25  2:43  Marine  
  27  2:48  Command Center  
  27  2:57  Marine  
  28  3:01  Marine  
  28  3:04  Refinery  
  29  3:13  Terran Infantry Weapons Level 1  
  29  3:15  Marine  
  29  3:19  Marine  
  31  3:33  Marine  
  32  3:37  Marine  
  29  3:50  Marine  
  29  3:55  Marine  
  31  4:00  SCV  
  32  4:08  Marine  
  32  4:09  Engineering Bay  
  33  4:12  Marine  
  33  4:13  Orbital Command  
  34  4:18  SCV  
  37  4:33  Barracks Tech Lab  
  37  4:36  Barracks Reactor  
  35  4:40  Terran Infantry Armor Level 1  
  35  4:45  SCV  
  36  4:54  Marine  
  36  4:56  Combat Shield  
  36  4:57  SCV  
  38  5:09  SCV  
  38  5:12  Marine  
  40  5:21  SCV  
  41  5:22  Supply Depot  
  41  5:30  Marine  
  41  5:33  SCV  
  43  5:38  Missile Turret  
  43  5:45  SCV, Supply Depot  
  44  5:50  Missile Turret  
  44  5:53  Marine  
  44  5:54  Marine x2  
  47  6:00  Missile Turret  
  47  6:01  SCV  
  48  6:08  Supply Depot  
  48  6:10  Missile Turret  
  48  6:13  SCV  
  49  6:27  Missile Turret  
  49  6:30  Supply Depot  
  49  6:36  Stimpack  
  49  6:45  Factory  
  49  6:48  Missile Turret  
  49  6:51  Missile Turret  
  49  6:52  Supply Depot  
  49  7:02  Missile Turret  
  49  7:07  Refinery  
  49  7:09  Refinery, Marine  
  49  7:10  Marine x2, Missile Turret  
  49  7:12  Missile Turret  
  49  7:14  Supply Depot  
  52  7:27  Marine  
  52  7:28  Marine x2  
  55  7:31  Missile Turret  
  55  7:32  Armory, Missile Turret  
  55  7:45  Marine x3  
  58  7:55  Missile Turret  
  58  7:57  SCV  
  59  8:03  Marine x3  
  62  8:09  SCV  
  63  8:21  Marine x3, SCV, Terran Infantry Weapons Level 2  
  63  8:22  Terran Infantry Armor Level 2  
  67  8:33  SCV  
  68  8:38  Marine  
  68  8:39  Marine x2  
  67  8:45  SCV  
  68  8:56  Marine  
  68  8:57  Marine x2  
  71  9:04  Starport  
  71  9:10  Starport  
  71  9:14  Marine x3  
  74  9:32  Marine x3  
  77  9:45  Medivac  
  79  9:46  Medivac  
  79  9:50  Marine x3  
  84  10:08  Marine  
  85  10:15  Medivac  
  85  10:16  Medivac  
  89  10:32  Command Center  
  89  10:38  Marine x3  
  92  10:56  Marine x3  
  95  11:11  Medivac  
  95  11:12  Medivac  
  95  11:13  Marine  
  95  11:14  Marine x2  
  102  11:31  Marine x2  
  102  11:32  Marine  
  105  11:41  Medivac x2  
  109  11:49  Marine  
  109  11:50  Marine  
Show
View Real Time Build Order
Export as new Build Order

Faust Zerg - Winner!

Build Orders: Pool First 

Get SALT Encoding   

  12  0:01  Drone  
  13  0:08  Drone  
  13  0:13  Extractor  
  13  0:16  Drone  
  15  0:23  Overlord  
  15  0:37  Extractor  
  14  0:43  Spawning Pool, Drone  
  14  0:49  Drone  
  15  0:52  Drone  
  16  0:59  Overlord  
  16  1:29  Zergling x2  
  16  1:30  Zergling x4, Queen  
  21  1:39  Metabolic Boost  
  21  1:59  Drone  
  22  2:02  Hatchery  
  21  2:10  Zergling x4  
  23  2:17  Zergling x2  
  24  2:24  Drone  
  25  2:36  Zergling x2  
  24  2:58  Zergling x4  
  24  2:59  Zergling x2  
  26  3:11  Drone  
  27  3:17  Drone  
  27  3:18  Drone  
  27  3:19  Queen  
  31  3:25  Overlord  
  27  3:56  Drone x6  
  27  3:57  Drone  
  27  4:00  Lair  
  33  4:18  Drone x4  
  33  4:19  Queen  
  37  4:40  Drone x4  
  37  4:45  Overlord x2  
  41  4:47  Drone x2  
  41  4:50  Overlord x2  
  41  4:51  Hatchery  
  42  5:02  Queen, Extractor  
  42  5:03  Extractor  
  42  5:04  Drone x2  
  42  5:05  Drone x2  
  46  5:09  Drone x2  
  46  5:13  Spire  
  47  5:14  Extractor  
  46  5:38  Drone x2  
  46  5:39  Drone  
  49  5:53  Drone  
  49  5:54  Drone x5  
  49  5:55  Overlord  
  49  5:56  Overlord x2  
  55  6:03  Drone x3  
  55  6:04  Baneling Nest, Drone  
  59  6:25  Drone x2  
  59  6:26  Drone x6  
  59  6:28  Mutalisk x4  
  74  6:39  Mutalisk  
  74  6:40  Mutalisk x2  
  80  6:47  Mutalisk  
  80  6:53  Extractor  
  80  6:54  Extractor, Drone x2  
  80  6:55  Drone x2  
  80  6:56  Drone x2  
  86  7:16  Drone x2  
  86  7:17  Drone x3  
  86  7:20  Spore Crawler  
  86  7:21  Mutalisk  
  86  7:22  Spore Crawler, Mutalisk x3  
  97  7:28  Overlord x4  
  97  7:29  Overlord  
  97  7:31  Zerg Flyer Weapons Level 1  
  97  7:35  Evolution Chamber  
  97  7:36  Evolution Chamber  
  95  8:00  Queen  
  95  8:01  Drone, Mutalisk  
  95  8:02  Mutalisk x4  
  108  8:21  Mutalisk x4  
  108  8:22  Mutalisk x6  
  108  8:26  Zerg Melee Weapons Level 1  
  128  8:48  Drone x7  
  129  8:54  Hatchery  
  134  8:56  Extractor x2  
  120  9:47  Mutalisk x9  
  120  9:48  Mutalisk  
  136  9:54  Overlord x4  
  136  9:55  Overlord  
  132  10:13  Zerg Ground Armor Level 1  
  132  10:14  Zerg Flyer Weapons Level 2  
  132  10:18  Spire  
  132  10:20  Infestation Pit  
  130  10:22  Drone  
  130  10:23  Drone x4  
  130  10:24  Drone  
  136  10:32  Extractor  
  136  10:33  Hatchery, Drone x4  
  136  10:34  Drone x2  
  140  10:36  Extractor  
  139  10:57  Drone x3  
  139  11:04  Hive  
  142  11:05  Burrow, Pneumatized Carapace  
  126  11:31  Drone x2  
  126  11:32  Drone x4  
  120  11:57  Mutalisk  
  120  11:58  Mutalisk x18  
  140  12:39  Extractor, Hatchery  
  140  12:41  Extractor  
  137  13:01  Ultralisk Cavern  
  136  13:26  Drone  
  139  13:27  Drone x4  
  139  13:28  Drone  
  142  13:43  Extractor  
  142  13:44  Hatchery  
  142  13:47  Extractor  
Show
View Real Time Build Order
Export as new Build Order

canabiis Terran 

Build Orders:  

Get SALT Encoding   

  12  0:01  SCV  
  13  0:15  Supply Depot  
  13  0:26  Supply Depot  
  13  0:30  SCV  
  14  0:49  Barracks  
  14  0:50  Refinery  
  14  1:00  SCV  
  15  1:12  SCV  
  16  1:20  Refinery  
  16  1:24  SCV  
  17  1:37  SCV  
  18  1:50  Factory  
  18  1:52  SCV  
  19  1:58  Marine  
  20  2:04  SCV  
  21  2:15  Marine  
  21  2:16  SCV  
  23  2:28  SCV  
  24  2:33  Marine  
  24  2:34  Factory Tech Lab  
  25  2:40  SCV  
  25  2:42  Starport  
  26  2:51  Marine  
  26  2:53  SCV  
  28  3:00  Siege Tank  
  31  3:20  Supply Depot  
  31  3:21  Starport Tech Lab  
  31  3:22  Supply Depot  
  31  3:40  Fusion Core  
  31  3:42  Marine, SCV  
  33  3:54  SCV  
  34  4:00  Marine  
  35  4:17  Marine  
  35  4:19  Siege Tank  
  39  4:35  Marine  
  39  4:37  Command Center  
  40  4:47  Battlecruiser  
  46  4:53  Marine  
  47  5:08  Orbital Command  
  47  5:29  Supply Depot  
  47  5:48  Marine  
  48  5:51  Battlecruiser  
  48  5:52  Supply Depot  
  54  6:06  Marine  
  49  6:30  Starport  
  49  6:51  Supply Depot  
  49  6:55  Engineering Bay  
  49  7:01  Siege Tank  
  49  7:08  Starport Reactor  
  52  7:12  Starport  
  52  7:19  Supply Depot  
  52  7:33  SCV, Siege Tank  
  56  7:41  Missile Turret  
  56  7:45  SCV  
  57  7:57  SCV  
  58  8:05  Missile Turret  
  58  8:09  SCV  
  59  8:15  Starport Reactor  
  59  8:21  SCV, Terran Infantry Weapons Level 1  
  59  8:23  Armory  
  59  8:26  Cyclone  
  63  8:30  Missile Turret  
  63  8:33  SCV  
  64  8:45  SCV  
  64  8:47  Refinery  
  65  8:49  Refinery  
  65  8:56  Missile Turret  
  65  8:58  Cyclone  
  65  9:02  Viking x2  
  70  9:04  Viking  
  74  9:24  SCV  
  75  9:36  SCV  
  70  9:48  SCV  
  48  10:00  SCV  
  49  10:12  SCV  
  50  10:20  Viking x4  
  58  10:23  Battlecruiser  
  58  10:24  SCV  
  65  10:37  SCV  
  66  10:49  SCV  
  67  10:52  Command Center  
  33  12:16  Planetary Fortress  
  47  12:35  Marine  
Show
View Real Time Build Order
Export as new Build Order

Tony Terran 

Build Orders:  

Get SALT Encoding   

  12  0:01  SCV  
  13  0:13  SCV  
  14  0:23  Supply Depot  
  14  0:32  Supply Depot  
  14  0:36  SCV  
  15  0:47  Barracks  
  15  0:49  SCV  
  16  1:01  SCV  
  16  1:03  Refinery  
  17  1:07  Refinery  
  17  1:13  SCV  
  18  1:34  SCV  
  19  1:44  Command Center  
  19  1:46  Marine  
  20  1:53  SCV  
  21  2:03  Marine  
  21  2:05  SCV  
  23  2:18  SCV  
  23  2:21  Marine  
  25  2:28  Factory  
  25  2:30  SCV  
  26  2:42  SCV  
  27  2:55  SCV  
  28  3:04  Supply Depot  
  28  3:07  SCV  
  28  3:09  SCV  
  30  3:19  SCV  
  31  3:20  Factory Tech Lab  
  31  3:22  SCV  
  31  3:24  Starport  
  32  3:31  Supply Depot, SCV  
  32  3:34  SCV  
  34  3:42  Marine  
  34  3:43  SCV  
  34  3:46  SCV  
  37  3:55  Supply Depot  
  37  3:56  Siege Tank  
  37  3:58  SCV  
  37  4:00  Marine  
  42  4:03  Refinery  
  42  4:10  SCV  
  43  4:22  SCV  
  44  4:24  Marine  
  44  4:27  Starport Tech Lab  
  44  4:31  Fusion Core  
  45  4:34  SCV  
  45  4:37  Refinery  
  46  4:38  SCV  
  46  4:42  Marine  
  46  4:45  Supply Depot  
  48  4:46  SCV  
  48  4:50  SCV  
  50  4:58  SCV  
  51  5:01  Siege Tank  
  51  5:02  SCV  
  55  5:10  SCV, Starport  
  56  5:16  Supply Depot  
  56  5:19  SCV  
  57  5:23  SCV  
  57  5:24  Starport  
  58  5:30  Battlecruiser  
  58  5:31  Armory  
  64  5:44  Orbital Command  
  64  5:47  Orbital Command  
  64  5:54  Starport Tech Lab  
  64  6:01  Starport Tech Lab  
  64  6:04  Starport  
  64  6:07  Weapon Refit  
  64  6:16  Supply Depot  
  64  6:26  Marine  
  64  6:30  Cyclone  
  64  6:32  Terran Ship Weapons Level 1  
  68  6:34  Armory  
  68  6:44  Marine  
  69  6:48  Starport Tech Lab  
  69  6:58  Command Center  
  69  7:02  Marine  
  69  7:05  Supply Depot  
  69  7:07  Battlecruiser  
  76  7:20  Marine  
  77  7:46  Battlecruiser  
  83  7:58  Supply Depot  
  83  8:04  Terran Vehicle And Ship Armor Level 1  
  83  8:09  Engineering Bay  
  83  8:11  Battlecruiser  
  89  8:49  Planetary Fortress  
  89  9:06  Supply Depot  
  76  9:58  SCV  
  77  10:04  Battlecruiser x2  
  77  10:05  Battlecruiser  
  95  10:10  SCV  
  96  10:15  SCV  
  97  10:22  SCV  
  97  10:27  SCV, Missile Turret  
  99  10:33  Missile Turret  
  99  10:34  SCV  
  100  10:40  SCV  
  101  10:46  SCV  
  102  10:53  Viking  
  104  11:06  Missile Turret  
  104  11:08  Viking x2  
  104  11:09  Viking  
  110  11:27  Missile Turret  
  102  11:48  Missile Turret  
  58  12:22  Siege Tank  
Show
View Real Time Build Order
Export as new Build Order

Nando Protoss 

Build Orders:  

Get SALT Encoding   

  12  0:12  Pylon  
  12  0:32  Forge  
  12  0:38  Gateway  
  12  0:44  Assimilator  
  12  0:47  Probe  
  13  0:59  Probe  
  14  1:15  Pylon  
  14  1:20  Probe  
  14  1:24  Zealot  
  15  1:29  Cybernetics Core  
  17  1:50  Zealot  
  19  1:54  Gateway  
  19  2:10  Photon Cannon  
  19  2:32  Pylon  
  19  2:36  Warp Gate  
  18  2:46  Zealot  
  20  2:54  Zealot  
  22  3:06  Photon Cannon  
  22  3:10  Photon Cannon  
  22  3:21  Probe  
  23  3:29  Zealot  
  16  4:08  Probe  
  16  4:16  Probe  
  18  4:26  Probe  
  19  4:31  Photon Cannon  
  19  4:38  Probe  
  20  4:50  Probe  
  21  5:11  Assimilator  
  21  5:19  Robotics Facility  
  21  5:24  Pylon  
  21  5:31  Probe  
  22  5:39  Probe  
  23  5:51  Stalker  
  25  6:09  Robotics Bay  
  25  6:13  Photon Cannon  
  25  6:24  Observer  
  26  6:42  Probe  
  27  6:50  Observer, Probe  
  29  7:00  Probe  
  30  7:13  Extended Thermal Lance  
  30  7:18  Probe  
  30  7:19  Disruptor  
  34  7:26  Probe  
  35  7:47  Nexus  
  35  7:48  Disruptor  
  35  7:52  Stalker  
  40  8:15  Assimilator  
  40  8:47  Disruptor  
  43  8:55  Probe  
  44  9:03  Probe  
  45  9:13  Probe  
  46  9:22  Stalker  
  48  9:25  Probe  
  49  9:37  Probe  
  50  9:45  Stargate  
  50  9:48  Stalker  
  52  9:53  Stargate  
  52  9:55  Probe  
  53  10:06  Probe  
  54  10:15  Probe  
  55  10:23  Probe  
  56  10:33  Probe  
  56  10:34  Phoenix  
  56  10:35  Stargate  
  55  10:50  Phoenix  
  55  10:52  Phoenix  
  44  12:06  Phoenix  
  46  12:21  Phoenix  
Show
View Real Time Build Order
Export as new Build Order

XCAR Protoss 

Build Orders:  

Get SALT Encoding   

  12  0:01  Probe  
  13  0:19  Pylon, Probe  
  14  0:41  Gateway  
  14  0:46  Forge  
  14  0:48  Probe  
  14  0:56  Probe  
  16  1:06  Probe  
  17  1:15  Pylon  
  17  1:26  Photon Cannon  
  17  1:29  Cybernetics Core  
  17  1:35  Assimilator  
  17  1:36  Assimilator  
  17  1:44  Probe  
  17  1:52  Probe  
  19  2:02  Probe  
  20  2:12  Probe  
  21  2:20  Probe  
  21  2:29  Probe  
  23  2:41  Probe  
  23  2:42  Stargate  
  23  3:03  Probe  
  22  3:11  Probe  
  24  3:20  Probe  
  24  3:26  Void Ray  
  29  3:33  Probe  
  30  3:35  Pylon  
  30  3:38  Stargate  
  29  3:45  Probe  
  30  4:02  Pylon  
  30  4:25  Void Ray  
  30  4:29  Void Ray  
  38  4:35  Photon Cannon  
  38  4:38  Photon Cannon  
  38  4:41  Photon Cannon  
  38  5:12  Nexus  
  38  5:18  Pylon  
  38  5:20  Pylon  
  38  5:22  Probe  
  39  5:32  Probe  
  39  5:35  Void Ray  
  39  5:38  Void Ray  
  39  5:42  Probe  
  49  5:54  Probe  
  50  6:06  Probe  
  50  6:07  Assimilator  
  50  6:10  Assimilator  
  51  6:18  Probe  
  51  6:24  Void Ray x2  
  60  6:27  Probe  
  61  6:35  Probe  
  62  6:43  Probe  
  62  6:45  Probe  
  63  6:51  Probe  
  64  7:01  Probe  
  65  7:04  Stargate  
  66  7:24  Void Ray  
  70  7:33  Pylon  
  70  7:34  Pylon  
  70  7:36  Pylon  
  70  7:38  Pylon  
  70  7:48  Photon Cannon  
  70  7:50  Photon Cannon, Void Ray  
  74  7:52  Photon Cannon  
  74  8:08  Void Ray x2  
  74  8:51  Void Ray x2  
  46  9:29  Void Ray  
  46  9:30  Void Ray x2  
  54  9:47  Probe  
  55  9:55  Probe  
  56  10:05  Probe  
  56  10:10  Pylon  
  56  10:12  Pylon, Void Ray x2  
  65  10:16  Void Ray  
  65  10:17  Probe  
  65  10:18  Pylon  
  70  10:29  Probe  
  67  11:34  Nexus  
  67  11:41  Void Ray  
  67  11:42  Void Ray x2  
  51  12:17  Void Ray x3  
  46  13:00  Void Ray x3  
Tags
 
Add a new tag
Caveats
  • Supply blocks, unpowered buildings, or Contaminate may cause inaccurate times.
  • Supply counts are checked every 10 seconds.